 Dungeon Crawl Stone Soup version 0.20.0-10-g0535bb4 (webtiles) character file.

142475 Zwobot the Dancer (level 17, -17/116 HPs)
             Began as a Halfling Fighter on June 6, 2017.
             Was a High Priest of Uskayaw.
             Killed from afar by a deep elf knight (23 damage)
             ... with a stone arrow
             ... on level 2 of the Elven Halls.
             The game lasted 01:28:11 (29548 turns).

Zwobot the Dancer (Halfling Fighter)               Turns: 29548, Time: 01:28:13

Health: -17/116    AC: 30    Str: 19    XL:     17   Next: 97%
Magic:  23/28      EV: 20    Int:  6    God:    Uskayaw [*****.]
Gold:   814        SH: 21    Dex: 23    Spells: 14/16 levels left

rFire    . . .     SeeInvis +   a - +5 dagger (elec)
rCold    + . .     Gourm    .   c - +0 shield
rNeg     + + .     Faith    .   e - +9 chain mail of Witusos {MR+ Int+2 Stlth+}
rPois    +         Spirit   .   q - +2 helmet
rElec    .         Reflect  +   t - +2 cloak {MR+}
rCorr    .         Harm     .   v - +0 pair of gloves of Faupn {rPois rN+ MR+}
MR       +++++     Clarity  +   j - +0 pair of boots
Stlth    ++++......             V - +6 amulet of reflection
Regen    0.3/turn               O - ring "Mitibuj" {rC+ Dex+4}
MPRegen  0.3/turn               P - ring "Cuimyhesmu" {Wiz rN+ MR+ SInv}

@: no status effects
A: clarity, dopey 1, mutation resistance 1
a: Stomp, Line Pass, Grand Finale, Renounce Religion


You were on level 2 of the Elven Halls.
You worshipped Uskayaw.
Uskayaw was pleased with you.
You were not hungry.

You visited 5 branches of the dungeon, and saw 26 of its levels.
You also visited: Labyrinth.

You collected 2550 gold pieces.
You spent 1736 gold pieces at shops.

Inventory:

Hand Weapons
 a - a +5 dagger of electrocution (weapon)
 b - a +5 eveningstar of electrocution
 u - a +0 vampiric dagger
 C - a +2 quick blade
Missiles
 k - 7 throwing nets
 l - 7 poisoned tomahawks (quivered)
Armour
 c - a +0 shield (worn)
 e - the +9 chain mail of Witusos (worn) {MR+ Int+2 Stlth+}
   (You bought it in a shop on level 2 of the Orcish Mines)

   It affects your intelligence (+2).
   It affects your resistance to hostile enchantments.
   It makes you more stealthy.
 j - a +0 pair of boots (worn)
 q - a +2 helmet (worn)
 t - a +2 cloak of magic resistance (worn)
 v - the +0 pair of gloves of Faupn (worn) {rPois rN+ MR+}
   (You bought it in a shop on level 5 of the Dungeon)

   It protects you from poison.
   It protects you from negative energy.
   It affects your resistance to hostile enchantments.
Jewellery
 A - an uncursed ring of resist corrosion
 L - an uncursed amulet of regeneration
 O - the ring "Mitibuj" (left hand) {rC+ Dex+4}
   (You found it on level 10 of the Dungeon)

   [ring of protection from cold]

   It affects your dexterity (+4).
   It protects you from cold.
 P - the ring "Cuimyhesmu" (right hand) {Wiz rN+ MR+ SInv}
   (You found it on level 2 of the Lair of Beasts)

   [ring of wizardry]

   It improves your spell success rate.
   It protects you from negative energy.
   It affects your resistance to hostile enchantments.
   It lets you see invisible.
 Q - the ring "Ycyr" {rElec MR- Str+3 Dex-3 Stlth+}
   (You bought it in a shop on level 7 of the Dungeon)

   [ring of dexterity]

   It affects your strength (+3).
   It affects your dexterity (-3).
   It insulates you from electricity.
   It affects your resistance to hostile enchantments.
   It makes you more stealthy.
 V - a +6 amulet of reflection (around neck)
Wands
 I - a wand of digging (15/24)
 M - a wand of iceblast (11/15)
 W - a wand of scattershot (0/9)
Scrolls
 m - 3 scrolls of remove curse
 n - 5 scrolls of fear
 o - 2 scrolls of recharging
 y - 3 scrolls of blinking
 B - 4 scrolls of immolation
 D - a scroll of identify
 H - 11 scrolls of teleportation
 J - 3 scrolls of amnesia
 R - 2 scrolls of summoning
 S - a scroll of magic mapping
 Y - a scroll of enchant armour
Potions
 d - 3 potions of might
 i - 3 potions of mutation
 p - 5 potions of heal wounds
 w - 2 potions of haste
 x - 5 potions of magic
 z - 2 potions of agility
 E - a potion of flight
 F - 8 potions of curing
 G - a potion of cancellation
 T - 2 potions of ambrosia
 X - a potion of resistance
 Z - a potion of brilliance
Books
 K - a book of Debilitation

   Spells                             Type                      Level
   a - Corona                         Hexes                        1
   b - Slow                           Hexes                        2
   c - Inner Flame                    Hexes/Fire                   3
   d - Portal Projectile              Hexes/Translocation          3
   e - Cause Fear                     Hexes                        4
   f - Leda's Liquefaction            Hexes/Earth                  4
Miscellaneous
 s - a box of beasts
 N - a lightning rod (1/4)
Comestibles
 f - 7 bread rations
 h - 6 meat rations
 r - 7 royal jellies


   Skills:
 - Level 10.7 Fighting
 - Level 12.8 Short Blades
 - Level 10.0 Armour
 + Level 13.9 Dodging
 - Level 13.0 Stealth
 + Level 14.3 Shields
 - Level 15.0 Invocations


You had 14 spell levels left.
You knew the following spells:

 Your Spells              Type           Power        Failure   Level  Hunger
a - Animate Skeleton      Necr           N/A          94%         1    ##.....
b - Apportation           Tloc           #.....       94%         1    ##.....


Dungeon Overview and Level Annotations

Branches:
Dungeon (15/15)            Temple (1/1) D:5            Lair (6/6) D:9
  Swamp (0/4) Lair:2       Spider (0/4) Lair:2        Slime (0/5) Lair:6
    Orc (2/2) D:11            Elf (2/3) Orc:2        Vaults (0/5) D:14
 Depths (0/5) D:15

Altars:
Ashenzari
Elyvilon
Hepliaklqana
Makhleb
Nemelex Xobeh
Okawaru
Qazlal
Ru
Uskayaw
Beogh
Jiyva

Shops:
D:5 [   D:7 *   D:11 (   Orc:2 *:[(   Elf:1 (   Elf:2 !

Portals:
Hell: Lair:6

Annotations:
D:3 Grinder
D:7 exclusions: electric eel and 8 more exclusions
Lair:6 exclusion: player ghost


Innate Abilities, Weirdness & Mutations

You are small and have problems with some larger weapons.
You are somewhat resistant to further mutation.
You possess an exceptional clarity of mind.
You are dopey. (Int -2)


Message History

The deep elf mage blinks!
You feel much better.
The deep elf mage seems less brilliant.
The fire elemental disappears in a puff of smoke!
The deep elf mage seems less brilliant.
You block the fire elemental's attack. x2
The deep elf archer is empowered by the deep elf high priest's aura!
The deep elf mage is empowered by the deep elf high priest's aura!
The deep elf high priest calls down the wrath of its god upon you.
Something smites you!
* * * LOW HITPOINT WARNING * * *
The deep elf mage casts a spell.
The deep elf mage blinks!
The fire elemental hits you. The fire elemental burns you!
* * * LOW HITPOINT WARNING * * *
The deep elf mage mumbles some strange words.
The deep elf mage blinks!
The deep elf mage casts a spell.
The deep elf mage blinks!
The deep elf knight casts a spell at you.
The stone arrow hits you!
You die...

## ####§...... .#
8#88#88#§.§...
D#......e.E.§###########
D#........'.E...........
##.}#..#..#)§(.§........
8.........'§....§§......
....e.§.%......>......
##:.#.§#EE#.§.)§).......
D#...ee@EE'.e.........).
D#...ee)E§'.............
.#88#88#88#.e%e.........
### #######.............
..........)...
...............
............
............
............


You could see 2 fire dragons, 2 ice dragons, 3 deep elf archers, a deep elf
knight, a deep elf high priest, 4 deep elf magi and 7 fire elementals.

Vanquished Creatures
  A deep elf blademaster (Elf:2)
  2 deep elf demonologists (Elf:2)
  A deep elf annihilator (Elf:1)
  The ghost of KlownO the Grappler, a journeyman TrWr (Lair:6)
  Snorg (Orc:2)
  Josephine (D:13)
  A minotaur (Lab)
  Harold (D:12)
  A hell beast (Lair:6)
  Fannar (Lair:3)
  5 hydras
  8 vault guards (D:14)
  8 centaur warriors
  4 catoblepae
  9 two-headed ogres
  19 dancing weapons
  2 tengu warriors
  6 death yaks (Lair:5)
  13 deep elf knights
  Nergalle (D:12)
  9 slime creatures
  An unseen horror (D:15)
  A wizard (Lair:6)
  6 deep elf archers
  A necromancer (D:15)
  4 lindwurms (Lair:2)
  2 orc knights (Orc:2)
  A wolf spider (D:14)
  4 orc sorcerers
  32 deep elf magi
  15 ugly things
  3 manticores
  2 cyclopes
  14 elephants
  3 black mambas
  A fire giant skeleton (D:15)
  2 centaur zombies
  An orange demon (Lair:6)
  2 gargoyles
  6 komodo dragons
  11 spiny frogs
  3 rime drakes
  4 ice devils (Lair:6)
  A hellwing (Lair:6)
  A red devil (Lair:6)
  9 trolls
  A polar bear (Lair:6)
  A tengu conjurer (D:13)
  4 jumping spiders (Lair:2)
  8 blink frogs
  2 hornets
  A dream sheep (Lair:6)
  9 hippogriffs
  A redback (Lair:2)
  2 air elementals
  2 centaur simulacra
  A wyvern (Lair:3)
  6 wraiths
  2 fire elementals (Elf:1)
  35 yaks
  A basilisk (Lair:6)
  A basilisk (shapeshifter) (D:14)
  10 vampire mosquitoes
  4 hungry ghosts (Lab)
  A warg (Orc:2)
  5 insubstantial wisps (Lair:2)
  2 acid dragons
  4 hell hounds (Lair:6)
  14 water moccasins
  8 porcupines
  34 orc warriors
  7 sky beasts
  4 ice beasts
  A black bear (D:9)
  6 phantoms
  2 eyes of draining
  A necrophage (D:6)
  9 ogres
  14 centaurs
  7 wolves
  17 crocodiles
  A big kobold (D:13)
  14 bullfrogs
  An earth elemental (Elf:2)
  4 scorpions
  A water moccasin skeleton (D:7)
  12 killer bees
  5 wights (D:12)
  3 electric eels (Lair:3)
  3 howler monkeys (D:11)
  3 crimson imps
  8 jellies
  A bullfrog zombie (D:7)
  3 quasits
  3 bullfrog skeletons
  15 orc priests
  26 orc wizards
  7 hounds
  3 centaur skeletons
  6 iguanas
  7 worker ants
  A hound skeleton (D:4)
  2 worker ant zombies
  Robin (D:2)
  14 gnolls
  A howler monkey skeleton (D:4)
  10 adders
  3 shadow imps
  5 oozes (D:8)
  An adder zombie (D:9)
  2 adder skeletons
  3 worms
  A dart slug (D:2)
  7 leopard geckos
  91 orcs
  6 giant cockroaches
  15 goblins
  13 hobgoblins
  12 jackals
  8 kobolds
  5 quokkas
  A ball python (D:2)
  3 bats
  5 frilled lizards
  6 rats
  A plant (Lair:6)
795 creatures vanquished.

Vanquished Creatures (others)
  2 deep elf archers (Elf:2)
  3 orc warriors (Orc:2)
  3 centaurs (Orc:2)
  2 orcs (Orc:2)
  2 crawling corpses (Elf:2)
  10 fungi (Lair:6)
  16 plants
38 creatures vanquished.

Grand Total: 833 creatures vanquished

Notes
Turn   | Place    | Note
-------+----------+-------------------------------------------
     0 | D:1      | Zwobot the Halfling Fighter began the quest for the Orb.
     0 | D:1      | Reached XP level 1. HP: 15/15 MP: 1/1
   246 | D:1      | Reached XP level 2. HP: 15/20 MP: 2/2
   623 | D:2      | Reached XP level 3. HP: 25/25 MP: 3/3
  1075 | D:2      | Reached XP level 4. HP: 30/30 MP: 4/4
  1439 | D:3      | Noticed Grinder
  1643 | D:3      | Noticed Robin
  1659 | D:2      | Killed Robin
  1879 | D:3      | Reached XP level 5. HP: 35/35 MP: 5/5
  2010 | D:3      | Reached skill level 5 in Short Blades
  2552 | D:4      | Reached XP level 6. HP: 13/41 MP: 6/6
  3064 | D:4      | Noticed an ogre
  3078 | D:4      | Killed an ogre
  3285 | D:4      | Reached XP level 7. HP: 35/45 MP: 7/7
  3373 | D:5      | Entered Level 5 of the Dungeon
  4290 | D:4      | Noticed a two-headed ogre
  4311 | D:4      | Killed a two-headed ogre
  4311 | D:4      | Reached skill level 5 in Shields
  4311 | D:4      | Reached XP level 8. HP: 23/51 MP: 8/8
  4779 | D:5      | Found a staircase to the Ecumenical Temple.
  4850 | Temple   | Entered the Ecumenical Temple
  4862 | Temple   | Became a worshipper of Uskayaw the Reveler
  4894 | D:5      | Reached * piety under Uskayaw
  4930 | D:5      | Reached ** piety under Uskayaw
  4938 | D:5      | Reached *** piety under Uskayaw
  4940 | D:5      | Reached **** piety under Uskayaw
  4942 | D:5      | Reached XP level 9. HP: 36/55 MP: 9/9
  5312 | D:5      | Found Yjeicet's Antique Armour Shop.
  5321 | D:5      | Bought a pair of faintly humming gloves for 228 gold pieces
  5326 | D:5      | Identified the cursed +0 pair of gloves of Faupn {rPois rN+ MR+} (You bought it in a shop on level 5 of the Dungeon)
  5424 | D:5      | Reached skill level 10 in Short Blades
  6879 | D:7      | Reached skill level 1 in Stealth
  7001 | D:7      | Found Lar Ass's Assorted Antiques.
  7079 | D:7      | Reached skill level 1 in Invocations
  7079 | D:7      | Reached XP level 10. HP: 63/63 MP: 10/10
  7122 | D:7      | Learned a level 1 spell: Animate Skeleton
  7124 | D:7      | Learned a level 1 spell: Apportation
  7814 | D:8      | Reached skill level 2 in Invocations
  7873 | D:8      | Noticed a two-headed ogre
  7894 | D:8      | Killed a two-headed ogre
  7894 | D:8      | Reached skill level 3 in Invocations
  8308 | D:8      | Noticed a two-headed ogre
  8311 | D:8      | Reached ***** piety under Uskayaw
  8376 | D:8      | Killed a two-headed ogre
  8476 | D:8      | Reached skill level 4 in Invocations
  8557 | D:8      | Reached skill level 5 in Fighting
  8637 | D:8      | Reached skill level 5 in Stealth
  8987 | D:9      | Reached XP level 11. HP: 71/71 MP: 14/14
  9200 | D:9      | Reached skill level 11 in Invocations
  9200 | D:9      | Reached XP level 12. HP: 77/77 MP: 14/20
  9271 | D:9      | Found a staircase to the Lair.
  9681 | D:10     | Entered Level 10 of the Dungeon
  9959 | D:10     | Got a glittering marble ring
  9961 | D:10     | Identified the ring "Mitibuj" {rC+ Dex+4} (You found it on level 10 of the Dungeon)
 11140 | D:10     | Noticed a two-headed ogre
 11156 | D:10     | Killed a two-headed ogre
 11424 | D:10     | Got a polished ring mail
 11436 | D:10     | Identified the +4 ring mail of Insurance {rC+} (You found it on level 10 of the Dungeon)
 11547 | D:7      | Bought a sparkling brass ring for 110 gold pieces
 11548 | D:7      | Identified the cursed ring "Ycyr" {rElec MR- Str+3 Dex-3 Stlth+} (You bought it in a shop on level 7 of the Dungeon)
 11550 | D:7      | Bought a scroll of teleportation for 66 gold pieces
 11670 | D:11     | Noticed a two-headed ogre
 11693 | D:11     | Killed a two-headed ogre
 11883 | D:11     | Noticed a two-headed ogre
 11979 | D:11     | Killed a two-headed ogre
 12048 | D:11     | Found a roughly hewn altar of Beogh.
 12048 | D:11     | Found a staircase to the Orcish Mines.
 12136 | D:11     | Noticed a two-headed ogre
 12143 | D:11     | Killed a two-headed ogre
 12143 | D:11     | Reached skill level 10 in Armour
 12576 | D:11     | Found Patuhic's Antique Weapon Shop.
 12708 | D:11     | Reached skill level 12 in Invocations
 12723 | D:11     | Reached skill level 10 in Shields
 12723 | D:11     | Reached XP level 13. HP: 70/83 MP: 22/22
 12979 | Orc:1    | Entered Level 1 of the Orcish Mines
 13140 | Orc:2    | Entered Level 2 of the Orcish Mines
 13215 | D:11     | Bought a glowing rapier for 182 gold pieces
 13277 | D:12     | Noticed a centaur warrior
 13291 | D:12     | Killed a centaur warrior
 13617 | D:12     | Noticed Nergalle
 13650 | D:12     | Killed Nergalle
 13755 | D:12     | Noticed Harold
 13766 | D:12     | Killed Harold
 14586 | D:13     | Noticed Josephine
 14607 | D:13     | Killed Josephine
 14999 | D:13     | Noticed a centaur warrior
 15006 | D:13     | Killed a centaur warrior
 15177 | D:13     | Gained mutation: You are dopey. (Int -2) [mutagenic meat]
 15178 | D:13     | Gained mutation: You possess an exceptional clarity of mind. [mutagenic meat]
 15348 | D:13     | Noticed a centaur warrior
 15357 | D:13     | Killed a centaur warrior
 15566 | D:13     | Reached XP level 14. HP: 93/93 MP: 23/23
 16574 | D:14     | Reached skill level 13 in Invocations
 16607 | D:14     | Reached skill level 10 in Stealth
 17146 | D:14     | Reached skill level 1 in Dodging
 17174 | D:14     | Found a gate to the Vaults.
 17746 | D:15     | Entered Level 15 of the Dungeon
 17773 | D:15     | Reached XP level 15. HP: 94/100 MP: 25/25
 17982 | D:15     | Identified a scroll of acquirement
 18003 | D:15     | Found a staircase to the Depths.
 18262 | Lair:1   | Entered Level 1 of the Lair of Beasts
 18774 | Lair:2   | Got a pitted bone ring
 18792 | Lair:2   | Got an iridescent lajatang
 18807 | Lair:2   | Identified the +2 lajatang "Teicho" {antimagic, MR++} (You found it on level 2 of the Lair of Beasts)
 18809 | Lair:2   | Identified the ring "Cuimyhesmu" {Wiz rN+ MR+ SInv} (You found it on level 2 of the Lair of Beasts)
 19038 | Lair:2   | Found a hole to the Spider Nest.
 19161 | Lair:2   | Found a staircase to the Swamp.
 20042 | Lair:3   | Reached skill level 14 in Invocations
 20362 | Lair:3   | Reached skill level 5 in Dodging
 20424 | Lair:3   | Noticed Fannar
 20431 | Lair:3   | Killed Fannar
 21875 | Lair:5   | Found a labyrinth entrance.
 21895 | Lab      | Entered a labyrinth
 22050 | Lab      | Identified the Reference Book on Frigorific Hexes
 22072 | Lab      | Got crude ice dragon scales
 22083 | Lab      | Identified the +1 ice dragon scales of Ubuiniat {rF- rC++ Str-2 Int+3 Slay+2 Stlth+} (You found it in a labyrinth)
 22091 | Lab      | Got a slimy chain mail
 22097 | Lab      | Identified the cursed +0 chain mail of Woqaodor {Dex+4} (You took it off a minotaur in a labyrinth)
 22530 | Lair:5   | Reached XP level 16. HP: 87/109 MP: 26/26
 22579 | Lair:5   | Reached skill level 10 in Fighting
 23082 | Lair:6   | Entered Level 6 of the Lair of Beasts
 23182 | Lair:6   | Noticed KlownO's ghost (journeyman TrWr)
 23222 | Lair:6   | Killed KlownO's ghost
 23386 | Lair:6   | Found a viscous altar of Jiyva.
 23386 | Lair:6   | Found a staircase to the Slime Pits.
 24439 | Lair:6   | Found a burning altar of Makhleb.
 24475 | Lair:6   | Found a gateway to Hell.
 25152 | Orc:2    | Noticed Snorg
 25163 | Orc:2    | Killed Snorg
 25191 | Orc:2    | Found Zuduujif's Book Boutique.
 25191 | Orc:2    | Found Dosol's Antique Armour Emporium.
 25290 | Orc:2    | Found Xoanudosel's Assorted Antiques.
 25292 | Orc:2    | Found Lampo's Antique Weapon Shoppe.
 25297 | Orc:2    | Bought a glowing rapier for 259 gold pieces
 25312 | Orc:2    | Bought a translucent chain mail for 247 gold pieces
 25312 | Orc:2    | Bought an encrusted chain mail for 247 gold pieces
 25314 | Orc:2    | Identified the +9 chain mail of Witusos {MR+ Int+2 Stlth+} (You bought it in a shop on level 2 of the Orcish Mines)
 25315 | Orc:2    | Identified the +1 chain mail of Nicew {*Drain Str+3 Dex+6} (You bought it in a shop on level 2 of the Orcish Mines)
 25399 | Orc:2    | Bought a notched gilded ring for 125 gold pieces
 25399 | Orc:2    | Bought a scroll labeled VIKHIS REUDUM for 25 gold pieces
 25448 | Orc:2    | Found a roughly hewn altar of Beogh.
 25538 | Orc:2    | Found a roughly hewn altar of Beogh.
 25963 | Orc:2    | Found a staircase to the Elven Halls.
 25990 | Orc:2    | Reached skill level 15 in Invocations
 26343 | Elf:1    | Entered Level 1 of the Elven Halls
 26535 | Elf:1    | Reached XP level 17. HP: 96/116 MP: 28/28
 26590 | Elf:1    | Identified Riguqel's Volume of Conjuration
 26843 | Elf:1    | Reached skill level 10 in Dodging
 27089 | Elf:1    | Found Hiofuisch's Antique Weapon Emporium.
 27978 | Elf:2    | Found Nosav's Distillery.
 28010 | Elf:2    | Bought 2 potions of heal wounds for 130 gold pieces
 28010 | Elf:2    | Bought a potion of heal wounds for 65 gold pieces
 28010 | Elf:2    | Bought a potion of might for 52 gold pieces
 28159 | Elf:2    | Found a runed gate.
 28159 | Elf:2    | Found a runed gate.
 28159 | Elf:2    | Found a runed gate.
 28617 | Elf:2    | Noticed a deep elf blademaster
 28647 | Elf:2    | Killed a deep elf blademaster
 29547 | Elf:2    | HP: 4/116 [deep elf mage/bolt of fire (23)]
 29548 | Elf:2    | Killed from afar by a deep elf knight

Skill      XL: |  1  2  3  4  5  6  7  8  9 10 11 12 13 14 15 16 17 |
---------------+----------------------------------------------------+-----
Short Blades   | 3 4 6 8 9 10 11 12 | 12.8
Shields        | 4 5 6 7 8 9 10 11 12 13 14 | 14.3
Armour         | 4 6 8 9 10 | 10.0
Fighting       | 3 5 6 7 8 9 10 | 10.7
Stealth        | 1 5 7 9 10 12 13 | 13.0
Invocations    | 1 4 11 12 13 14 15 | 15.0
Dodging        | 2 5 8 13 | 13.9

Action                   |  1- 3 |  4- 6 |  7- 9 | 10-12 | 13-15 | 16-18 || total
-------------------------+-------+-------+-------+-------+-------+-------++-------
Melee: Rapier            |    79 |   185 |    48 |    69 |   798 |       ||  1179
       Dagger            |       |    56 |    39 |       |   609 |  1145 ||  1849
       Short sword       |       |       |   316 |   704 |    84 |       ||  1104
       Eveningstar       |       |       |       |       |       |    64 ||    64
Throw: Tomahawk          |     8 |     7 |    18 |     7 |     4 |       ||    44
Invok: Stomp             |       |       |       |       |    11 |    20 ||    31
       Grand Finale      |       |       |       |       |     2 |     2 ||     4
       Line Pass         |       |       |       |       |       |     1 ||     1
Evoke: Wand              |       |       |       |    12 |     2 |     3 ||    17
       Lightning rod     |       |       |       |       |     4 |     3 ||     7
  Use: Scroll            |       |     9 |     9 |    11 |    14 |    11 ||    54
       Potion            |       |     4 |     2 |     3 |     5 |     7 ||    21
 Stab: Invisible         |       |       |     1 |       |     2 |     1 ||     4
       Paralysed         |       |       |     2 |    25 |    65 |    60 ||   152
       Distracted        |       |       |       |     1 |     3 |     1 ||     5
       Sleeping          |       |       |       |     5 |    38 |    15 ||    58
       Petrified         |       |       |       |       |       |     2 ||     2
  Eat: Chunk             |     1 |     7 |    12 |    14 |    19 |    16 ||    69
       Bread ration      |       |     1 |       |       |       |       ||     1
       Royal jelly       |       |       |       |     3 |     9 |     3 ||    15
       Fruit             |       |       |       |     2 |     1 |     8 ||    11
Armor: Scale mail        |    27 |    77 |    69 |       |       |       ||   173
       Plate armour      |       |       |    48 |   195 |       |       ||   243
       Skin              |       |       |     3 |       |       |       ||     3
       Ring mail         |       |       |       |    51 |   305 |   115 ||   471
       Chain mail        |       |       |       |       |       |   168 ||   168
Dodge: Dodged            |    19 |    64 |    64 |   106 |   232 |   355 ||   840
Block: Shield            |    38 |   103 |   171 |   314 |   824 |   899 ||  2349
       Reflection        |       |       |       |       |    11 |    56 ||    67
